 Dungeon Crawl Stone Soup version 0.28.0-53-g5a82cb258f (webtiles) character file.

Game seed: 16380323027977389211

378 Sin92 the Skirmisher (level 6, -3/42 (48) HPs)
             Began as a Demonspawn Fighter on June 27, 2022.
             Was an Initiate of Okawaru.
             Slain by a wight
             ... wielding a +3 spear
              (7 damage)
             ... on level 4 of the Dungeon.
             The game lasted 00:03:18 (2286 turns).

Sin92 the Skirmisher (Demonspawn Fighter)           Turns: 2286, Time: 00:03:19

HP:   -3/42 (48)    AC: 13    Str: 18    XL:     6   Next: 45%
MP:   6/6           EV: 10    Int: 10    God:    Okawaru [......]
Gold: 48            SH:  5    Dex: 14    Spells: 5/5 levels left

rFire   . . .      SeeInvis .   a - +0 war axe
rCold   . . .      Faith    .   c - +0 buckler
rNeg    . . .      Spirit   .   b - +0 scale mail
rPois   .          Reflect  .   (no helmet)
rElec   .          Harm     .   i - +2 cloak
rCorr   .          Rampage  .   (no gloves)
Will    .....                   (no boots)
Stlth   +.........              d - amulet of magic regeneration
HPRegen 0.14/turn               (no ring)
MPRegen 0.50/turn               (no ring)

@: heavily drained
A: yellow scales 2, fangs 1, hooves 1, thin skeletal structure 1
a: Renounce Religion


You were on level 4 of the Dungeon.
You worshipped Okawaru.
Okawaru was noncommittal.
You visited 1 branch of the dungeon, and saw 4 of its levels.

You collected 48 gold pieces.

Inventory:

Hand Weapons
 a - a +0 war axe (weapon)
Missiles
 e - 3 throwing nets (quivered)
Armour
 b - a +0 scale mail (worn)
 c - a +0 buckler (worn)
 i - a +2 cloak (worn)
 j - a +0 cloak of stealth
Jewellery
 d - an amulet of magic regeneration (around neck)
Potions
 g - 2 potions of cancellation {unknown}
 h - 2 potions of mutation


   Skills:
 + Level 4.2 Fighting
 + Level 3.2 Axes
 + Level 3.8 Armour
 + Level 2.3 Dodging
 + Level 3.8 Shields


You had 5 spell levels left.
You didn't know any spells.
Your spell library contained the following spells:

 Spells                   Type           Power      Damage    Failure   Level
 Passage of Golubria      Tloc           0%         N/A       100%        4
 Yara's Violent Unravell  Hex/Tmut       0%         3d3       100%        5
 Tukima's Dance           Hex            Unusable   N/A       N/A         3

Dungeon Overview and Level Annotations

Branches:
Dungeon (4/15)
 Temple: D:4-7

Altars:
Gozag
Okawaru


Innate Abilities, Weirdness & Mutations

You are mostly covered in yellow scales. (AC +3)
You have very sharp teeth.
You have large cloven feet.
You have a somewhat thin skeletal structure. (Dex +2, Stealth+)


Message History

The wight hits you with a +2 great sword!
You feel drained.
You closely miss the wight. You kick the wight, but do no damage.
The wight closely misses you. The wight hits you but does no damage.
You hit the wight. Your kick misses the wight. Your bite misses the wight.
The wight is heavily damaged.
The wight hits you but does no damage.
The wight hits you with a +2 great sword!
You feel drained.
The wight hits you from afar with a +3 spear!
* * * LOW HITPOINT WARNING * * *
You feel drained.
* * * LOW HITPOINT WARNING * * *
You barely miss the wight.
The wight is heavily damaged.
You block the wight's attack.
The wight hits you but does no damage. x2
You slash the wight!
You destroy the wight!
Okawaru accepts your kill. The wight closely misses you.
The wight hits you but does no damage.
Unknown command.
You hit the wight but do no damage.
The wight hits you from afar with a +3 spear.
* * * LOW HITPOINT WARNING * * *
The wight hits you but does no damage.
The wight hits you from afar with a +3 spear.
* * * LOW HITPOINT WARNING * * *
You feel drained.
You barely miss the wight. The wight closely misses you.
You block the wight's attack.
You hit the wight. You kick the wight.
The wight is heavily damaged.
You block the wight's attack. The wight barely misses you. x2
The wight closely misses you.
Unknown command.
You closely miss the wight.
The wight is heavily damaged.
The wight barely misses you.
The wight hits you from afar with a +3 spear!
You die...

...... #......#####
..... #..........#
.... #..........#
... #..........# ..
#..........# #.
#...#.....#
#.###...#.....#
#..@zz........#
.......#######<...##
....#.. #....# ###
### .....# ......#
.......# ##.#....#
zz.z.... ..........


You could see 2 wights.

Vanquished Creatures
  Sigmund (D:2)
  A wight (D:4)
  Crazy Yiuf (D:2)
  Natasha (thrice) (D:2)
  4 gnolls (D:3)
  An adder (D:2)
  A worm (D:3)
  2 dart slugs (D:2)
  2 ball pythons
  3 endoplasms (D:2)
  A giant cockroach (D:3)
  3 goblins
  2 hobgoblins
  A quokka (D:4)
  A bat (D:3)
  A frilled lizard (D:2)
  3 kobolds
  3 rats
34 creatures vanquished.

Notes
Turn   | Place    | Note
-------+----------+-------------------------------------------
     0 | D:1      | Sin92 the Demonspawn Fighter began the quest for the Orb.
     0 | D:1      | Reached XP level 1. HP: 18/18 MP: 1/1
     9 | D:1      | You fall into a shaft and drop 1 floor!
    79 | D:2      | Found an opulent altar of Gozag.
   162 | D:2      | Noticed Natasha
   173 | D:2      | Killed Natasha
   174 | D:2      | Gained mutation: You are partially covered in yellow
                  | scales. (AC +2) [demonic ancestry]
   174 | D:2      | Reached XP level 2. HP: 12/24 MP: 2/2
   174 | D:2      | Reached XP level 3. HP: 14/29 MP: 3/3
   361 | D:2      | Found a faded altar of an unknown god.
   434 | D:2      | Reached skill level 1 in Dodging
   472 | D:2      | Noticed Natasha
   592 | D:2      | Killed Natasha
   593 | D:2      | Reached XP level 4. HP: 22/35 MP: 4/4
   625 | D:2      | Noticed Natasha
   632 | D:2      | Killed Natasha
   956 | D:2      | Noticed Sigmund
   980 | D:2      | Killed Sigmund
   981 | D:2      | Reached skill level 4 in Fighting
   981 | D:2      | Gained mutation: You are mostly covered in yellow scales.
                  | (AC +3) [demonic ancestry]
   981 | D:2      | Reached XP level 5. HP: 39/42 MP: 5/5
  1241 | D:2      | Found a runed translucent door.
  1242 | D:2      | Noticed Crazy Yiuf
  1247 | D:2      | Killed Crazy Yiuf
  1248 | D:2      | Reached XP level 6. HP: 35/48 MP: 6/6
  1649 | D:3      | Found an iron altar of Okawaru.
  1673 | D:3      | Became a worshipper of Warmaster Okawaru
  2244 | D:3      | Gained mutation: You have very sharp teeth. [potion of
                  | mutation]
  2244 | D:3      | Gained mutation: You have a somewhat thin skeletal
                  | structure. (Dex +2, Stealth+) [potion of mutation]
  2244 | D:3      | Gained mutation: You have large cloven feet. [potion of
                  | mutation]
  2286 | D:4      | Slain by a wight

Illustrated notes

Levels and vault maps discovered:
D:1:      dpeg_arrival_simpleton_c, layout_basic, serial_shops, shop
D:2:      wander_river, layout_loops_ring,
          hellmonk_ecumenical_altar_slurped_away, basic_altar, uniq_natasha,
          uniq_sigmund, uniq_crazy_yiuf_cottage
D:3:      layout_basic, mainiacjoe_overflow_tiny_flanked
D:4:      cheibrodos_old_hovel, layout_basic, minmay_misc_feat_columns

Skill      XL: |  1  2  3  4  5 |
---------------+----------------+-----
Axes           | 2 3 |  3.2
Armour         | 3 |  3.8
Dodging        | 1 2 |  2.3
Shields        | 3 |  3.8
Fighting       | 4 |  4.2

Action                   |  1- 3 |  4- 6 || total
-------------------------+-------+-------++-------
Melee: War axe           |    36 |    98 ||   134
       Kick              |       |     4 ||     4
  Use: Potion            |     1 |     2 ||     3
       Scroll            |     1 |     4 ||     5
Armor: Scale mail        |    11 |    47 ||    58
Dodge: Dodged            |    16 |    51 ||    67
Block: Buckler           |    11 |    28 ||    39
